Map: Berlingrad LE

Players

YourBroChris

  • Race: Protoss Protoss
  • League: Diamond

하스 (Has) - Winner!

  • Race: Protoss Protoss
  • League: Master

Event: DreamHack SC2 Masters Last Chance 2022

VOD

Have the link to the VOD?

Description

Time

  • Played on: Dec. 15, 2021, 5:27 a.m.
  • Length: 5:12

All games in this series

Show
View Real Time Build Order
Export as new Build Order

YourBroChris Protoss 

Build Orders:  

Get SALT Encoding   

  12  0:00  Probe  
  13  0:12  Probe  
  14  0:17  Pylon  
  14  0:24  Probe (Chrono Boost)  
  15  0:37  Gateway, Probe (Chrono Boost)  
  16  0:43  Probe (Chrono Boost)  
  16  0:46  Assimilator  
  17  0:52  Probe  
  17  0:55  Assimilator  
  18  1:05  Probe  
  18  1:10  Pylon  
  19  1:18  Probe  
  20  1:24  Zealot (Chrono Boost)  
  22  1:39  Cybernetics Core  
  20  2:00  Probe  
  21  2:16  Pylon  
  19  2:25  Nexus  
  19  2:38  Stargate  
  19  2:59  Shield Battery  
  19  4:01  Void Ray  
  15  4:42  Assimilator, Probe  
  16  4:54  Probe (Chrono Boost)  
  17  5:03  Probe (Chrono Boost)  
Show
View Real Time Build Order
Export as new Build Order

하스 Protoss - Winner!

Build Orders: Cannon Rush 

Get SALT Encoding   

  12  0:00  Probe  
  13  0:12  Probe  
  14  0:16  Pylon  
  14  0:24  Probe  
  15  0:35  Forge  
  15  0:37  Probe  
  16  0:54  Pylon  
  16  1:01  Pylon  
  16  1:12  Photon Cannon  
  16  1:19  Pylon  
  16  1:24  Pylon  
  16  1:32  Photon Cannon  
  16  1:33  Photon Cannon  
  16  1:39  Photon Cannon  
  16  1:44  Photon Cannon  
  16  1:57  Photon Cannon  
  16  2:04  Probe  
  17  2:09  Gateway  
  17  2:16  Probe  
  18  2:28  Probe  
  19  2:30  Assimilator  
  19  2:40  Probe  
  19  2:42  Assimilator  
  20  2:45  Gateway  
  20  2:52  Probe  
  20  2:54  Zealot (Chrono Boost)  
  23  3:04  Probe  
  23  3:11  Cybernetics Core  
  23  3:19  Pylon  
  23  3:20  Probe  
  24  3:32  Probe  
  25  3:43  Warp Gate (Chrono Boost)  
  25  3:44  Probe  
  25  3:48  Stalker  
  28  3:50  Stalker  
  30  3:56  Probe  
  32  4:18  Stalker  
  32  4:19  Shield Battery  
  32  4:20  Stalker  
  33  4:44  Gateway  
  37  4:53  Pylon  
  37  4:56  Pylon  

Tags
 
Add a new tag
Caveats
  • Supply blocks, unpowered buildings, or Contaminate may cause inaccurate times.
  • Supply counts are checked every 10 seconds.